 Dungeon Crawl Stone Soup version 0.19.0-24-gb05acd6 (webtiles) character file.

731 dobroeutro the Cudgeler (level 7, 0/43 HPs)
             Began as a Gargoyle Fighter on Nov 20, 2016.
             Was an Initiate of Ru.
             Shot with an arrow by a centaur (4 damage)
             ... on level 6 of the Dungeon.
             The game lasted 00:05:44 (3066 turns).

dobroeutro the Cudgeler (Gargoyle Fighter)          Turns: 3066, Time: 00:05:46

Health: 0/43       AC: 16    Str: 21    XL:     7   Next: 73%
Magic:  7/7        EV:  8    Int:  8    God:    Ru [......]
Gold:   184        SH:  9    Dex: 10    Spells: 0 memorised, 6 levels left

rFire  . . .     SeeInvis .     a - +0 flail
rCold  . . .     Gourm    .     b - +0 scale mail
rNeg   + . .     Faith    .     c - +0 shield
rPois  ∞         Spirit   .     j - +0 helmet
rElec  +         Reflect  .     (no cloak)
rCorr  .         Harm     .     (no gloves)
MR     .....                    s - +2 pair of boots
Stlth  ..........               (no amulet)
                                (no ring)
                                (no ring)

@: no status effects
A: negative energy resistance 1, electricity resistance, unbreathing,
petrification resistance, rot immunity, AC +4
a: Renounce Religion


You were on level 6 of the Dungeon.
You worshipped Ru.
Ru was noncommittal.
You were not hungry.

You visited 2 branches of the dungeon, and saw 7 of its levels.

You collected 184 gold pieces.

Inventory:

Hand Weapons
 a - a +0 flail (weapon)
Armour
 b - a +0 scale mail (worn)
 c - a +0 shield (worn)
 j - a +0 helmet (worn)
 s - a +2 pair of boots (worn)
Wands
 u - a wand of disintegration (12/24)
 y - a wand of teleportation (6/9)
Scrolls
 e - 2 scrolls of random uselessness {unknown}
 g - a scroll of recharging {unknown}
 h - 3 scrolls of identify {unknown}
 k - a scroll of remove curse {unknown}
 l - a scroll of fog {unknown}
 m - a scroll of teleportation {unknown}
 n - 2 scrolls of amnesia {unknown}
 p - a scroll of acquirement {unknown}
 q - a scroll of blinking {unknown}
 w - a scroll of noise {unknown}
 x - a scroll of magic mapping {unknown}
Potions
 d - 3 potions of might
 o - a potion of cure mutation {unknown}
 t - a potion of heal wounds {unknown}
 z - a potion of curing {unknown}
 B - a potion of degeneration {unknown}
Comestibles
 f - 2 bread rations
 i - a meat ration
 r - a royal jelly
 v - 8 fruits
 A - a beef jerky
 C - 4 chunks of flesh


   Skills:
 + Level 4.2 Fighting
 + Level 7.6 Maces & Flails
 + Level 4.0 Armour
 + Level 1.3 Dodging
 - Level 3.2 Shields


You had 6 spell levels left.
You didn't know any spells.

Dungeon Overview and Level Annotations

Branches:
Dungeon (6/15)             Temple (1/1) D:5

Altars:
Ashenzari
Cheibriados
Dithmenos
Elyvilon
Fedhas
Gozag
Hepliaklqana
Kikubaaqudgha
Makhleb
Nemelex Xobeh
Okawaru
Qazlal
Ru
Sif Muna
Trog
Uskayaw
Vehumet
Xom
Yredelemnul
Zin
The Shining One


Innate Abilities, Weirdness & Mutations

You are resistant to torment.
Your stone body is resilient. (AC +4)
You are immune to poison.
You resist negative energy. (rN+)
You are resistant to electric shocks. (rElec)
You can survive without breathing.
You are immune to petrification.
You are immune to rotting.


Message History

You are too injured to fight recklessly!
You are too injured to fight recklessly!
You are too injured to fight recklessly!
You are too injured to fight recklessly!
You are too injured to fight recklessly!
You are too injured to fight recklessly!
You are too injured to fight recklessly!
You are too injured to fight recklessly!
You are too injured to fight recklessly!
You are too injured to fight recklessly!
You are too injured to fight recklessly!
You are too injured to fight recklessly!
You are too injured to fight recklessly!
You are too injured to fight recklessly!
You are too injured to fight recklessly!
You are too injured to fight recklessly!
You are too injured to fight recklessly!
Unknown command.
The centaur shoots an arrow.
The arrow hits you.
You die...

#### ##.##.##### .#
###....# c# #....###
##.########## #.#..#
##.....#.....## #.##.#
##.............##
##.##.#
#...........?..>#
#..##.#
#....!..........#
####.###.##
#..(†...........# #....#
#..#####.@(h......Z....#
#.####
##.##.............<..c.#
..#
#.#..................##
..#
#....###......#.....##
..#######....#
..############
...........#....##
..######..##....# .##
#.###....# .# ..# ##...#


You could see a centaur and a jackal.

Vanquished Creatures
  A phantom (D:6)
  An ogre (D:6)
  A centaur (D:6)
  2 scorpions
  A howler monkey (D:5)
  A crimson imp (D:5)
  A bullfrog zombie (D:5)
  A gnoll shaman (D:3)
  Terence (D:3)
  An iguana (D:5)
  A hound skeleton (D:6)
  5 gnolls
  4 adders
  A shadow imp (D:5)
  2 oozes
  An adder zombie (D:6)
  A worm (D:3)
  3 dart slugs
  4 leopard geckos
  9 orcs
  5 giant cockroaches
  10 goblins
  4 hobgoblins
  6 jackals
  2 kobolds
  A quokka (D:3)
  A ball python (D:1)
  5 bats
  A frilled lizard (D:4)
  3 leopard gecko skeletons
  4 rats
84 creatures vanquished.

Notes
Turn   | Place    | Note
-------+----------+-------------------------------------------
     0 | D:1      | dobroeutro the Gargoyle Fighter began the quest for the Orb.
     0 | D:1      | Reached XP level 1. HP: 14/14 MP: 1/1
    59 | D:1      | Reached XP level 2. HP: 2/19 MP: 2/2
   456 | D:1      | Reached skill level 3 in Maces & Flails
   659 | D:2      | Reached XP level 3. HP: 21/23 MP: 3/3
   871 | D:3      | Reached skill level 4 in Maces & Flails
   882 | D:3      | Reached XP level 4. HP: 11/28 MP: 4/4
  1144 | D:3      | Noticed Terence
  1207 | D:3      | Killed Terence
  1355 | D:3      | Reached skill level 5 in Maces & Flails
  1355 | D:3      | Reached XP level 5. HP: 24/32 MP: 5/5
  1530 | D:5      | Entered Level 5 of the Dungeon
  1561 | D:5      | Reached skill level 6 in Maces & Flails
  1561 | D:5      | Reached XP level 6. HP: 37/37 MP: 6/6
  1711 | D:6      | Noticed a phantom
  1763 | D:6      | Killed a phantom
  1763 | D:6      | Reached skill level 7 in Maces & Flails
  1763 | D:6      | Reached XP level 7. HP: 17/41 MP: 7/7
  2066 | D:6      | Reached skill level 1 in Dodging
  2122 | D:5      | Found a shadowy altar of Dithmenos.
  2381 | D:5      | Found a staircase to the Ecumenical Temple.
  2389 | Temple   | Entered the Ecumenical Temple
  2492 | Temple   | Became a worshipper of Ru the Awakened
  2785 | D:5      | Found a blossoming altar of Fedhas.
  3066 | D:6      | Shot with an arrow by a centaur

Skill      XL: |  1  2  3  4  5  6  7 |
---------------+----------------------+-----
Maces & Flails | 3 4 5 6 7 |  7.6
Dodging        | 1 |  1.3
Fighting       | 4 |  4.2
Armour         | 4 |  4.0
Shields        | |  3.2

Action                   |  1- 3 |  4- 6 |  7- 9 || total
-------------------------+-------+-------+-------++-------
Melee: Flail             |   149 |   176 |    98 ||   423
  Use: Potion            |       |       |     2 ||     2
  Eat: Chunk             |       |     3 |     5 ||     8
Armor: Scale mail        |   138 |    98 |    54 ||   290
Dodge: Dodged            |    81 |    64 |    45 ||   190
Block: Shield            |   153 |    77 |    59 ||   289
